 Dungeon Crawl Stone Soup version bcrawl-1.18.1 (webtiles) character file.

Game seed: 7068689874010030385

16 Revguard the Sneak (level 2, 0/19 HPs)
             Began as an Octopode Rogue on Nov 8, 2019.
             Slain by a kobold
             ... wielding a +0 dagger
              (5 damage)
             ... on level 1 of the Dungeon.
             The game lasted 00:01:52 (204 turns).

Revguard the Sneak (Octopode Rogue)                  Turns: 204, Time: 00:01:52

Health: 0/19       AC:  1    Str: 10    XL:     2   Next: 54%
Magic:  3/3        EV: 12    Int: 13    God:
Gold:   94         SH:  0    Dex: 13    Spells: 1/1 levels left

rFire    . . .     SeeInvis .   a - +2 dagger
rCold    . . .     Gourm    .   (no shield)
rNeg     . . .     Faith    .   (helmet restricted)
rPois    .         Spirit   .   (cloak restricted)
rElec    .         Reflect  .   (no amulet)
rCorr    .         Harm     .   (no ring)
MR       .....                  (no ring)
Stlth    ++++......             (no ring)
HPRegen  0.06/turn              (no ring)
MPRegen  0.08/turn              (no ring)
                                (no ring)
                                (no ring)
                                (no ring)

@: no status effects
A: almost no armour, stealthy swim, amphibious, 8 rings, constrict 8, camouflage
1, gelatinous body 1
a: no special abilities


You were on level 1 of the Dungeon.
You were not hungry.

You visited 1 branch of the dungeon, and saw 1 of its levels.

You collected 94 gold pieces.

Inventory:

Hand Weapons
 a - a +2 dagger (weapon)
 b - a +0 blowgun
Missiles
 c - 79 poisoned needles
Wands
 d - a wand of flame (15)
 e - a wand of enslavement (15)
Scrolls
 k - a scroll of identify {unknown}
Potions
 h - a potion of flight {unknown}
 i - a potion of lignification {unknown}
 j - a potion of curing {unknown}
Comestibles
 f - 2 rations {!d}
 g - 4 chunks of flesh


   Skills:
 + Level 2.0 Fighting
 + Level 2.1 Short Blades
 * Level 0.6 Dodging
 + Level 6.4 Stealth
 + Level 2.2 Evocations


You had one spell level left.
You didn't know any spells.
Your spell library was empty.

Dungeon Overview and Level Annotations

Branches:
Dungeon (1/12)

Altars:


Innate Abilities, Weirdness & Mutations

You cannot wear most types of armour.
You are very stealthy in the water. (Stealth+)
You are amphibious.
You can wear up to eight rings at the same time.
You can use your tentacles to constrict eight enemies at once.
Your skin changes colour to match your surroundings (Stealth+).
Your rubbery body absorbs attacks. (AC +1, EV +1)


Message History

You constrict the kobold, but do no damage.
The kobold closely misses you.
You hit the kobold.
You kill the kobold!
Wield which item (- for none, * to show all)? (? for menu, Esc to quit)
b - a +0 blowgun (weapon)
Firing (i - inventory)
c - 80 poisoned needles (quivered)
Press: ? - help, Shift-Dir - straight line, f - kobold
Aim: a kobold, wielding a +0 dagger You shoot a poisoned needle.
The poisoned needle closely misses the kobold.
Wield which item (- for none, * to show all)? (? for menu, Esc to quit)
a - a +2 dagger (weapon)
You closely miss the kobold. You grab the kobold. You constrict the kobold.
The kobold hits you with a +0 dagger.
* * * LOW HITPOINT WARNING * * *
You barely miss the kobold.
The kobold is heavily wounded.
You constrict the kobold. The kobold hits you with a +0 dagger.
You die...

............... ................
.....$...........
................%.
..................
...............>.
#............... #.....K@.......
###..)..##.....# #....#..# #####
## #.#.#.#.####.. .#
##.#.#.......## .#
##.#...#..##... ..# .##
#..†#.#.####.####.###### ..##
#..#.#.#........#......##
#..#####.....#..#..............##


You could see a kobold.

Vanquished Creatures
  A worm (D:1)
  2 leopard geckos (D:1)
  A bat (D:1)
  A hobgoblin (D:1)
  A kobold (D:1)
  2 frilled lizards (D:1)
  4 rats (D:1)
12 creatures vanquished.

Notes
Turn   | Place    | Note
-------+----------+-------------------------------------------
     0 | D:1      | Revguard the Octopode Rogue began the quest for the Orb.
     0 | D:1      | Reached XP level 1. HP: 14/14 MP: 2/2
    51 | D:1      | Reached skill level 6 in Stealth
    81 | D:1      | Reached XP level 2. HP: 19/19 MP: 3/3
   204 | D:1      | Slain by a kobold

Skill      XL: |  1 |
---------------+----+-----
Stealth        | 6 |  6.4
Fighting       | |  2.0
Short Blades   | |  2.1
Dodging        | |  0.6
Evocations     | |  2.2

Action                   || total
-------------------------++-------
Melee: Dagger            ||    25
       Constrict         ||     4
       Tentacles         ||     3
 Fire: Blowgun           ||     1
 Stab: Sleeping          ||     8
Dodge: Dodged            ||     9
